 Dungeon Crawl Stone Soup version 0.30.1-11-g7821555f0a (webtiles) character file.

Game seed: 12872786059805784253

12709 Peloso the Carver (level 11, -2/80 HPs)
             Began as a Minotaur Fighter on Jan 7, 2024.
             Was a High Priest of Okawaru.
             Killed from afar by a wretched star (26 damage)
             ... with a lance of force
             ... on level 2 of the Abyss.
             The game lasted 00:21:13 (13034 turns).

Peloso the Carver (Minotaur Fighter)               Turns: 13034, Time: 00:21:14

Health: -2/80      AC: 15    Str: 22    XL:     11   Next: 66%
Magic:  8/8        EV: 14    Int:  5    God:    Okawaru [*****.]
Gold:   558        SH: 10    Dex: 13    Spells: 10/10 levels left

rFire   . . .        a - +0 scimitar
rCold   x x .        d - +2 buckler
rNeg    . . .        b - +4 scale mail
rPois   .            (helmet restricted)
rElec   .            (no cloak)
rCorr   .            (no gloves)
SInv    +            z - +0 pair of boots
Will    .....        (no amulet)
Stlth   ++           q - ring of flight
HPRegen 0.33/turn    e - ring of see invisible
MPRegen 0.11/turn

%: random rage (9%)
@: heroic, on berserk cooldown, flying
A: horns 2, retaliatory headbutt, [berserk 2], [frail 2], [low MP 2], [cold
vulnerability 2]
a: Renounce Religion, Heroism, Finesse, Duel


You were on level 2 of the Abyss.
You worshipped Okawaru.
Okawaru was extremely pleased with you.
You visited 1 branch of the dungeon, and saw 10 of its levels.
You visited the Abyss 1 time.

You collected 558 gold pieces.

Inventory:

Hand Weapons
 a - a +0 scimitar (weapon)
Missiles
 F - a throwing net (quivered)
Armour
 b - a +4 scale mail (worn)
 c - a +0 buckler
 d - a +2 buckler (worn)
 z - a +0 pair of boots (worn)
Jewellery
 e - a ring of see invisible (right hand)
 q - a ring of flight (left hand)
 u - a +6 ring of strength
 D - a ring of resist corrosion
 G - an amulet of guardian spirit
Wands
 A - a wand of flame (46)
Scrolls
 g - 2 scrolls of teleportation
 i - 3 scrolls of vulnerability {unknown}
 j - 2 scrolls of magic mapping {unknown}
 k - a scroll of immolation {unknown}
 l - 2 scrolls of fear {unknown}
 m - 4 scrolls of blinking {unknown}
 n - 2 scrolls of amnesia {unknown}
 p - 3 scrolls of enchant weapon {unknown}
 x - 2 scrolls of summoning {unknown}
 y - 2 scrolls of poison {unknown}
 B - 3 scrolls of identify
 C - a scroll of acquirement {unknown}
 E - a scroll of silence {unknown}
 I - a scroll of enchant armour {unknown}
Potions
 f - 2 potions of curing
 h - 2 potions of might
 r - 3 potions of invisibility
 s - 3 potions of ambrosia
 v - a potion of resistance
 w - 2 potions of brilliance
 H - a potion of berserk rage
Miscellaneous
 o - a piece from Xom's chessboard (15/15)


   Skills:
 + Level 10.7(15.7) Fighting
 + Level 13.9(18.9) Long Blades
 + Level 9.6(14.6) Armour
 + Level 5.2(10.2) Dodging
 + Level 1.1(6.1) Stealth
 + Level 10.4(15.4) Shields
 + Level 1.5 Invocations
 + Level 0.1 Evocations


You had 10 spell levels left.
You didn't know any spells.
Your spell library contained the following spells:

 Spells                   Type           Power      Damage    Failure   Level
 Sandblast                Erth           0%         2d4       75%         1
 Ensorcelled Hibernation  Hex/Ice        0%         N/A       87%         2
 Lesser Beckoning         Tloc           0%         N/A       87%         2
 Passwall                 Tmut/Erth      0%         N/A       87%         2
 Gell's Gravitas          Tloc           0%         N/A       98%         3
 Inner Flame              Hex/Fire       0%         N/A       98%         3
 Spider Form              Tmut/Pois      0%         N/A       98%         3
 Stone Arrow              Conj/Erth      0%         3d7       98%         3
 Teleport Other           Tloc           0%         N/A       98%         3
 Anguish                  Hex/Necr       0%         N/A       100%        4
 Flame Wave               Conj/Fire      0%         2d4       100%        4
 Sticky Flame             Conj/Fire      0%         2d3       100%        4


Dungeon Overview and Level Annotations

Branches:
Dungeon (10/15)            Temple (0/1) D:6
   Lair: D:8-11         Orc: D:9-12

Altars:
Ashenzari
Cheibriados
Elyvilon
Gozag
Hepliaklqana
Kikubaaqudgha
Makhleb
Okawaru
Sif Muna
Uskayaw
Vehumet
Wu Jian
Xom
Yredelemnul
The Shining One

Shops:
D:1 (

Annotations:
D:3 2 runed translucent doors, Slyspawn's ghost, amateur FoHu
D:4 2 transporters, TangoThomas's ghost, novice DsFE
D:9 3 runed translucent doors, exclusion: statue, waddelsworth's ghost, novice DgCj


Innate Abilities, Weirdness & Mutations

You have a pair of horns on your head.
You reflexively headbutt those who attack you in melee.
[You have an uncontrollable temper.]
[You are very frail. (-20% HP)]
[Your magical capacity is very low. (-20% MP)]
[You are very vulnerable to cold. (rC--)]


Message History

You slash the wretched star!
The wretched star is lightly damaged.
The wretched star pulses with an eldritch light!
You feel frail. x2
You slash the wretched star! You headbutt the wretched star!
The wretched star is heavily damaged.
You hit the wretched star. Your headbutt misses the wretched star.
The wretched star is heavily damaged.
An apocalypse crab comes into view.
You closely miss the wretched star. Your headbutt misses the wretched star.
The wretched star is heavily damaged.
The wretched star pulses with an eldritch light!
You feel less energetic. x2
You hit the wretched star but do no damage.
You headbutt the wretched star!
The wretched star is severely damaged.
You feel yourself speed up.
You hit the wretched star.
You headbutt the wretched star, but do no damage.
The wretched star is severely damaged.
The wretched star pulses with an eldritch light!
You feel vulnerable to cold. x2
You hit the wretched star but do no damage.
The wretched star is severely damaged.
The wretched star glows turbulently.
The lance of force hits you.
You are knocked back by the lance of force.
You slam into the rock wall!
* * * LOW HITPOINT WARNING * * *
You slash the wretched star!
The wretched star is almost destroyed.
Unknown command.
You hit the wretched star but do no damage.
The wretched star is almost destroyed.
Unknown command.
You hit the wretched star.
The wretched star is almost destroyed.
The wretched star glows turbulently.
The lance of force hits you!!
You die...

## #.. #.# .
###.# . . ....
.. ####. ##..#.
#.#..#.
#.#.##..##...##
.#
#.#.#...........
. #...#.... .. .
#@..#) . #... .
#.*..#...#.... .
#t.#..##> # . .
#..#.#..........
..##....##. .#..
. .... ##......
.# .
##.#.##....##.#.
. ..#. .. ....
..∩. . . #
..#.### .. ## .


You could see a wretched star and an apocalypse crab.

Vanquished Creatures
  A purple draconian (Abyss:2)
  3 two-headed ogres
  Nergalle (D:10)
  An orc knight (D:10)
  An ugly thing (D:10)
  A manticore (D:9)
  A smoke demon (Abyss:2)
  2 trolls (D:9)
  Prince Ribbit (D:8)
  A large abomination (Abyss:2)
  A shadow (D:9)
  16 yaks
  A wraith (D:10)
  Grum (D:8)
  A steam dragon (D:10)
  A water moccasin (D:5)
  An orc warrior (D:7)
  2 ice beasts
  3 sky beasts
  2 black bears
  2 ogres
  2 wolves (D:8)
  6 centaurs
  A kobold brigand (D:9)
  2 scorpions
  3 bullfrogs
  2 gnoll sergeants
  A necrophage (D:4)
  A water moccasin zombie (D:4)
  A small abomination (Abyss:2)
  8 wights
  7 killer bees
  A howler monkey (D:6)
  A bullfrog zombie (D:4)
  3 hounds
  2 gnoll boudas
  A human zombie (D:4)
  2 jellies
  6 orc priests
  A sleepcap (D:6)
  A scorpion zombie (D:4)
  8 iguanas
  11 orc wizards
  4 mummies (D:4)
  17 gnolls
  12 adders
  2 shadow imps (D:7)
  3 ufetubi (D:6)
  An adder zombie (D:4)
  2 dart slugs
  37 orcs
  9 bats
  7 endoplasms
  3 giant cockroaches
  9 goblins
  10 hobgoblins
  5 jackals
  9 kobolds
  6 quokkas
  13 ball pythons
  6 frilled lizards
  6 rats
276 creatures vanquished.

Notes
Turn   | Place    | Note
-------+----------+-------------------------------------------
     0 | D:1      | Peloso the Minotaur Fighter began the quest for the Orb.
     0 | D:1      | Reached XP level 1. HP: 19/19 MP: 0/0
   217 | D:1      | Reached XP level 2. HP: 27/27 MP: 1/1
   325 | D:1      | Found Caanit's Weapon Shop.
   713 | D:1      | Reached XP level 3. HP: 33/33 MP: 2/2
  1140 | D:2      | Reached skill level 3 in Long Blades
  1347 | D:2      | Reached skill level 1 in Dodging
  1347 | D:2      | Reached XP level 4. HP: 35/40 MP: 3/3
  2186 | D:3      | Reached skill level 4 in Long Blades
  2186 | D:3      | Reached XP level 5. HP: 17/47 MP: 4/4
  2655 | D:3      | Found a large runed translucent door.
  2655 | D:3      | Found a large runed translucent door.
  2658 | D:3      | Noticed Slyspawn's ghost (amateur FoHu)
  2851 | D:3      | Found an ornate altar of the Wu Jian Council.
  3247 | D:4      | Found a burning altar of Makhleb.
  3253 | D:4      | Found a shimmering altar of Xom.
  3253 | D:4      | Found a white marble altar of Elyvilon.
  3267 | D:4      | Found a shimmering blue altar of Sif Muna.
  3269 | D:4      | Found a hide-covered altar of Uskayaw.
  3333 | D:4      | Reached skill level 5 in Long Blades
  3438 | D:4      | Found a hazy altar of Hepliaklqana.
  3443 | D:4      | Reached XP level 6. HP: 53/53 MP: 5/5
  3752 | D:4      | Reached skill level 5 in Fighting
  3953 | D:4      | Found an iron altar of Okawaru.
  3968 | D:4      | Became a worshipper of Warmaster Okawaru
  3999 | D:4      | Noticed TangoThomas's ghost (novice DsFE)
  4002 | D:4      | Found a transporter.
  4005 | D:4      | Found a transporter.
  4101 | D:4      | Found an ancient bone altar of Kikubaaqudgha.
  4118 | D:4      | Reached skill level 6 in Long Blades
  4126 | D:4      | Reached XP level 7. HP: 56/61 MP: 6/6
  4148 | D:4      | Reached skill level 5 in Armour
  4252 | D:4      | Reached skill level 7 in Long Blades
  4263 | D:4      | Reached skill level 5 in Shields
  4273 | D:4      | Reached * piety under Okawaru
  4450 | D:5      | Entered Level 5 of the Dungeon
  4602 | D:5      | Reached skill level 8 in Long Blades
  4602 | D:5      | Reached XP level 8. HP: 68/70 MP: 7/7
  4635 | D:5      | HP: 3/70 [poisoned by a water moccasin]
  5745 | D:5      | Found a basalt altar of Yredelemnul.
  6144 | D:6      | Reached ** piety under Okawaru
  6236 | D:6      | Found a broken altar of Ashenzari.
  6283 | D:6      | Found a snail-covered altar of Cheibriados.
  6419 | D:6      | Found a glowing golden altar of the Shining One.
  6703 | D:6      | Found a staircase to the Ecumenical Temple.
  6713 | D:6      | Reached skill level 9 in Long Blades
  7451 | D:7      | Reached XP level 9. HP: 79/79 MP: 8/8
  7825 | D:7      | Noticed a two-headed ogre
  8011 | D:7      | Reached *** piety under Okawaru
  8063 | D:7      | Killed a two-headed ogre
  8064 | D:7      | Reached skill level 10 in Long Blades
  8857 | D:8      | Reached XP level 10. HP: 48/91 MP: 9/9
  8863 | D:8      | Reached **** piety under Okawaru
  8874 | D:8      | Reached skill level 11 in Long Blades
  9137 | D:8      | Noticed Prince Ribbit
  9148 | D:8      | Killed Prince Ribbit
  9518 | D:8      | Noticed a two-headed ogre
  9532 | D:8      | Killed a two-headed ogre
  9865 | D:8      | Noticed Grum
  9880 | D:8      | Killed Grum
 10290 | D:9      | Found an opulent altar of Gozag.
 10375 | D:9      | Found a radiant altar of Vehumet.
 10422 | D:9      | Noticed a manticore
 10434 | D:9      | Killed a manticore
 10513 | D:9      | Reached skill level 12 in Long Blades
 10573 | D:9      | Reached ***** piety under Okawaru
 11371 | D:9      | Noticed waddelsworth's ghost (novice DgCj)
 11372 | D:9      | Found a runed translucent gate.
 11372 | D:9      | Found a runed translucent gate.
 11373 | D:9      | Found a runed translucent gate.
 11538 | D:9      | Reached skill level 10 in Fighting
 11679 | D:9      | Noticed a two-headed ogre
 11712 | D:9      | Killed a two-headed ogre
 11713 | D:9      | Reached XP level 11. HP: 59/99 MP: 6/10
 12065 | D:10     | Entered Level 10 of the Dungeon
 12248 | D:10     | Noticed an orc knight
 12248 | D:10     | Noticed a brown ugly thing
 12260 | D:10     | Killed a brown ugly thing
 12260 | D:10     | Received a gift from Okawaru
 12261 | D:10     | Reached skill level 13 in Long Blades
 12261 | D:10     | Reached skill level 1 in Stealth
 12280 | D:10     | Killed an orc knight
 12281 | D:10     | Reached skill level 1 in Invocations
 12546 | D:10     | Noticed Nergalle
 12561 | D:10     | Killed Nergalle
 12562 | D:10     | Reached skill level 5 in Dodging
 12618 | D:10     | Reached skill level 10 in Shields
 12916 | D:10     | Noticed a wizard
 12925 | Abyss:2  | Cast into level 2 of the Abyss (a wizard)
 12987 | Abyss:2  | Noticed a purple draconian
 12999 | Abyss:2  | Killed a purple draconian
 13006 | Abyss:2  | Noticed a wretched star
 13034 | Abyss:2  | Killed from afar by a wretched star

Illustrated notes

Levels and vault maps discovered:
D:1:      wheals_arrival_linesprint, layout_basic, serial_shops, shop
D:2:      layout_basic, minmay_heptomino_o4
D:3:      layout_loops_corners, mainiacjoe_overflow_tiny_flanked,
          ebering_ghost_disaster_area, skrybe_limestone_x
D:4:      cheibrodos_barr_body, layout_rooms, minmay_overflow_temple_star_hex,
          okawaru_altar_gauntlet_db, nicolae_hepliaklqana_hippocampus,
          lemuel_mausoleum_altar_kikubaaqudgha, gammafunk_ghost_arena
D:5:      layout_cave_pods, yredelemnul_altar_generic, kennysheep_pointless_box,
          roderic_lattice_a
D:6:      layout_loops_corners, tso_oasis_becter,
          mainiacjoe_overflow_catch_the_wave, minmay_temple_entry_fiery,
          serial_glass, glass_columns_a, glass_columns_a,
          nicolae_underground_beach
D:7:      minmay_clustersquares, layout_loops_ring
D:8:      hellmonk_ruined_rings, layout_loops_corners, uniq_prince_ribbit1,
          uniq_grum
D:9:      minmay_opposing_rooms, layout_basic, overflow_temple_1_default,
          vehumet_statue, biasface_ghost_orc_armoury, grunt_decor_cap
D:10:     minmay_tri_box, layout_basic, fedhas_altar_2, serial_curves,
          eino_curves_03, eino_curves_01, uniq_nergalle
Abyss:2:  base:
D:2

Skill      XL: |  1  2  3  4  5  6  7  8  9 10 11 |
---------------+----------------------------------+-----
Fighting       | 4 5 7 9 10 | 10.7
Armour         | 4 5 7 8 9 |  9.6
Shields        | 4 5 6 7 9 10 | 10.4
Long Blades    | 3 4 5 6 8 9 10 12 13 | 13.9
Dodging        | 1 2 4 5 |  5.2
Stealth        | 1 |  1.1
Invocations    | 1 |  1.5
Evocations     | |  0.1

Action                     |  1- 3 |  4- 6 |  7- 9 | 10-12 || total
---------------------------+-------+-------+-------+-------++-------
  Melee: Long sword        |   102 |   224 |   385 |   108 ||   819
         Headbutt          |    13 |    39 |    70 |   106 ||   228
         Scimitar          |       |       |       |   307 ||   307
 Invoke: Heroism           |       |       |     2 |    14 ||    16
  Evoke: Wand              |       |       |     2 |       ||     2
    Use: Potion            |     1 |       |     1 |     7 ||     9
         Scroll            |       |     7 |     2 |     2 ||    11
 Armour: Scale mail        |    64 |    50 |    51 |   151 ||   316
         Chain mail        |       |    27 |    86 |       ||   113
  Dodge: Dodged            |    66 |    77 |    99 |   221 ||   463
  Block: Buckler           |    32 |    66 |   113 |   185 ||   396
